 Dungeon Crawl Stone Soup version 0.30-a0-1124-g6e8f0f562f (webtiles) character file.

Game seed: 3286885421424565189

305 bobo the Chopper (level 6, -6/57 HPs)
             Began as a Hill Orc Monk on Apr 24, 2023.
             Mangled by Duvessa
             ... wielding a +4 rapier of electrocution
              (10 damage)
             ... on level 4 of the Dungeon.
             The game lasted 00:07:38 (2951 turns).

bobo the Chopper (Hill Orc Monk)                    Turns: 2951, Time: 00:07:39

Health: -6/57      AC:  7    Str: 16    XL:     6   Next: 39%
Magic:  6/6        EV: 11    Int: 16    God:
Gold:   203        SH:  5    Dex: 13    Spells: 5/5 levels left

rFire   . . .        k - +4 broad axe
rCold   . . .        d - orb {light}
rNeg    . . .        u - +0 ring mail
rPois   .            (no helmet)
rElec   .            w - +0 cloak {rCorr}
rCorr   +            b - +0 pair of gloves
SInv    .            (no boots)
Will    .....        n - amulet of reflection
Stlth   +            s - +6 ring of intelligence
HPRegen 0.29/turn    (no ring)
MPRegen 0.10/turn

%: reflection
@: glowing
A: no striking features
a: no special abilities


You were on level 4 of the Dungeon.
You visited 1 branch of the dungeon, and saw 4 of its levels.

You collected 203 gold pieces.

Inventory:

Hand Weapons
 k - a +4 broad axe (weapon)
 x - a +0 flail
Missiles
 i - a throwing net (quivered)
Armour
 b - a +0 pair of gloves (worn)
 d - an orb of light (worn)
 u - a +0 ring mail (worn)
 w - a +0 cloak of preservation (worn)
Jewellery
 n - an amulet of reflection (around neck)
 s - a +6 ring of intelligence (left hand)
Wands
 q - a wand of polymorph (2)
 v - a wand of flame (22)
Scrolls
 a - 3 scrolls of vulnerability
 c - 3 scrolls of amnesia {unknown}
 e - a scroll of fear {unknown}
 h - a scroll of magic mapping {unknown}
 m - a scroll of identify
 p - 3 scrolls of teleportation
 r - 2 scrolls of noise {unknown}
 t - a scroll of poison {unknown}
 y - a scroll of fog {unknown}
Potions
 f - 5 potions of curing
 g - a potion of haste {unknown}
 j - 2 potions of resistance
 l - a potion of lignification {unknown}


   Skills:
 + Level 6.0 Fighting
 + Level 6.6 Axes
 + Level 2.5 Armour
 - Level 2.4 Dodging


You had 5 spell levels left.
You didn't know any spells.
Your spell library was empty.

Dungeon Overview and Level Annotations

Branches:
Dungeon (4/15)
 Temple: D:4-7

Altars:

Annotations:
D:4 1 runed translucent door, Duvessa; pokeman's ghost, amateur DEHW


Message History

Duvessa gestures with her weapon.
You block Dowan's attack.
Duvessa hits you with a +4 rapier of electrocution.
There is an open door here.
You slash Duvessa!
Duvessa is moderately wounded.
You closely miss Dowan.
Dowan hoots and howls with incredible vigour!
Duvessa closely misses you.
Dowan hoots and howls with incredible vigour!
You hit Duvessa.
Duvessa is moderately wounded.
You hit Dowan.
Duvessa hits you with a +4 rapier of electrocution.
You block Dowan's attack.
You slash Duvessa!
Duvessa is heavily wounded.
You slash Dowan! Dowan completely misses you. You block Duvessa's attack.
Dowan barely misses you.
Duvessa hits you with a +4 rapier of electrocution.
You completely miss Duvessa.
Duvessa is heavily wounded.
You slash Dowan!
You kill Dowan!
Duvessa screams in rage.
Duvessa goes berserk!
Duvessa barely misses you. Duvessa closely misses you.
Your Fighting skill increases to level 6!
You slash Duvessa!
Duvessa is severely wounded.
Duvessa hits you with a +4 rapier of electrocution!
Duvessa hits you with a +4 rapier of electrocution.
You hit Duvessa.
Duvessa is almost dead.
Duvessa hits you with a +4 rapier of electrocution!
You hit Duvessa but do no damage.
Duvessa is almost dead.
Duvessa hits you with a +4 rapier of electrocution! x2
* * * LOW HITPOINT WARNING * * *
You are electrocuted!
You die...

##......##.....#
###........###..###
#..........###..#.#
#########.....###.##.....#
#.......#....###.........#
#..............[..........
#..#######...###.##....##.
##.#⌠....#...#...#......##
#.#8...e@.......#..###.##
#.#⌠..).#.......##.##....
#.##+#+##......###.##....
#.# #.....)##..###... #.#
#......##...##...
#.#######..#..).#.###....
##..........#.......#.....
#.#..#..........##...)....
#...##.......#####........


You could see Duvessa (berserk).

Vanquished Creatures
  A howler monkey (D:4)
  Natasha (thrice) (D:3)
  An orc wizard (D:4)
  8 adders
  6 dart slugs
  7 orcs (D:4)
  6 bats
  5 endoplasms
  2 giant cockroaches (D:1)
  3 goblins
  6 hobgoblins
  2 jackals (D:1)
  9 kobolds
  4 quokkas
  7 ball pythons
  8 frilled lizards
  6 rats
84 creatures vanquished.

Notes
Turn   | Place    | Note
-------+----------+-------------------------------------------
     0 | D:1      | bobo the Hill Orc Monk began the quest for the Orb.
     0 | D:1      | Reached XP level 1. HP: 19/19 MP: 1/1
    72 | D:1      | Reached XP level 2. HP: 26/27 MP: 2/2
   110 | D:1      | Found a faded altar of an unknown god.
   407 | D:1      | Reached XP level 3. HP: 33/34 MP: 3/3
   596 | D:2      | Reached skill level 5 in Axes
   775 | D:2      | Reached XP level 4. HP: 19/41 MP: 4/4
  1185 | D:2      | Reached skill level 5 in Fighting
  1970 | D:3      | Noticed Natasha
  1976 | D:3      | Killed Natasha
  1977 | D:3      | Reached skill level 1 in Armour
  1977 | D:3      | Reached XP level 5. HP: 48/48 MP: 5/5
  2037 | D:3      | Noticed Natasha
  2042 | D:3      | Killed Natasha
  2219 | D:3      | Noticed Natasha
  2224 | D:3      | Killed Natasha
  2446 | D:4      | Reached XP level 6. HP: 38/57 MP: 6/6
  2823 | D:4      | Found a runed translucent door.
  2824 | D:4      | Noticed pokeman's ghost (amateur DEHW)
  2942 | D:4      | Noticed Duvessa
  2942 | D:4      | Noticed Dowan
  2943 | D:4      | Dowan changed into Dowan the howler monkey
  2943 | D:4      | Noticed Dowan
  2948 | D:4      | Killed Dowan the howler monkey
  2951 | D:4      | Mangled by Duvessa

Illustrated notes

Levels and vault maps discovered:
D:1:      amcnicky_arrival_choice, layout_rooms,
          chequers_ecumenical_altar_island
D:2:      layout_basic, nicolae_eternal_life, interstate_on_off,
          mrwooster_statue_mirror
D:3:      layout_basic, st_stairs_14, uniq_natasha
D:4:      dreamdust_elfheim, layout_cave_pools, gammafunk_ghost_grave,
          minmay_between

Skill      XL: |  1  2  3  4  5  6 |
---------------+-------------------+-----
Fighting       | 4 5 6 |  6.0
Axes           | 5 6 |  6.6
Armour         | 1 2 |  2.5
Dodging        | |  2.4

Action                     |  1- 3 |  4- 6 || total
---------------------------+-------+-------++-------
  Melee: Hand axe          |    24 |       ||    24
         Broad axe         |    44 |   112 ||   156
  Evoke: Wand              |       |     1 ||     1
    Use: Scroll            |       |    11 ||    11
         Potion            |       |     3 ||     3
 Armour: Robe              |     1 |       ||     1
         Leather armour    |    12 |     8 ||    20
         Ring mail         |       |    30 ||    30
         Skin              |       |     2 ||     2
  Dodge: Dodged            |    36 |    57 ||    93
  Block: Orb               |       |    14 ||    14
         Reflection        |       |     1 ||     1

Table legend: (Time is in decaauts)
 A = Elapsed time spent in this place.
 B = Non-inter-level travel time spent in this place.
 C = Inter-level travel time spent in this place.
 D = Time resting spent in this place.
 E = Time spent auto-exploring this place.
 F = Levels seen in this place.
 G = Mean time per level.
                   A        B        C        D        E       F      G
               +--------+--------+--------+--------+--------+-----+--------+
         Total |   3019 |   2944 |     75 |    119 |   2203 |   4 |  754.8 |
       Dungeon |   3019 |   2944 |     75 |    119 |   2203 |   4 |  754.8 |
               +--------+--------+--------+--------+--------+-----+--------+

Top non-repeatable levels by time:
     D:2: 942 daAuts
     D:3: 905 daAuts
     D:4: 614 daAuts
     D:1: 557 daAuts
